Map: Ascension to Aiur LE

Players

Chelios

  • Race: Zerg Zerg
  • League: Diamond
  • Spawn Location: 11:00

Dessa - Winner!

  • Race: Zerg Zerg
  • League: Diamond
  • Spawn Location: 5:00

VOD

Have the link to the VOD?

Description

Time

  • Played on: Dec. 18, 2017, 5:55 a.m.
  • Length: 11:51
Show
View Real Time Build Order
Export as new Build Order

Chelios Zerg 

Build Orders: Hatch First, Zergling Baneling 

Get SALT Encoding   

  12  0:01  Drone  
  13  0:08  Drone  
  14  0:19  Extractor  
  14  0:21  Drone x2, Extractor  
  16  0:43  Hatchery  
  16  0:49  Overlord  
  15  1:05  Spawning Pool  
  15  1:08  Drone  
  15  1:10  Extractor  
  14  1:12  Drone  
  14  1:16  Drone  
  16  1:20  Drone  
  17  1:32  Drone  
  18  1:51  Queen  
  18  1:52  Zergling x4  
  22  1:55  Queen  
  24  2:04  Zergling x4  
  26  2:09  Overlord  
  26  2:19  Zergling x4  
  28  2:23  Metabolic Boost  
  28  2:33  Baneling Nest  
  27  2:38  Zergling x4  
  29  2:50  Zergling x8  
  33  3:04  Zergling x4  
  33  3:05  Zergling x2  
  36  3:08  Overlord  
  36  3:23  Overlord  
  36  3:25  Baneling x4  
  36  3:29  Zergling x4  
  32  3:53  Zergling x14  
  32  4:02  Baneling x2  
  31  4:06  Zergling x4  
  33  4:11  Baneling x2  
  33  4:14  Zergling x2  
  26  4:57  Baneling x2  
  26  4:58  Zergling x2  
  26  4:59  Zergling x18  
  32  5:16  Zergling x4  
  32  5:18  Baneling x3  
  33  5:30  Zergling x2  
  33  5:31  Zergling x2  
  33  5:33  Zergling x2  
  33  5:34  Zergling x12  
  40  5:45  Baneling x2  
  30  6:03  Drone x7  
  37  6:13  Baneling x3  
  37  6:24  Drone  
  37  6:25  Drone x3  
  41  6:27  Extractor  
  38  6:39  Drone  
  33  6:40  Drone x4  
  33  6:41  Drone  
  33  6:43  Drone  
  39  6:56  Roach Warren  
  39  6:59  Evolution Chamber  
  37  7:03  Drone x4  
  37  7:07  Extractor  
  40  7:10  Drone x2  
  42  7:16  Drone  
  42  7:22  Drone x2  
  45  7:23  Drone  
  46  7:32  Drone  
  47  7:37  Roach  
  47  7:38  Roach  
  47  7:40  Overlord  
  47  7:41  Hatchery  
  47  7:43  Zerg Missile Weapons Level 1  
  50  7:50  Zergling x4  
  51  8:02  Roach  
  51  8:03  Roach x3  
  59  8:06  Overlord x2  
  59  8:13  Overlord  
  59  8:17  Lair  
  59  8:28  Zergling x4  
  59  8:29  Zergling x6  
  59  8:32  Zergling x2  
  59  8:33  Zergling x2  
  66  8:52  Roach x6  
  66  8:53  Roach x2  
  82  9:02  Drone x5  
  87  9:09  Roach  
  89  9:12  Overlord x3  
  89  9:21  Drone, Extractor  
  89  9:35  Drone  
  89  9:36  Drone x2  
  92  9:41  Drone x3  
  92  9:45  Queen  
  95  9:46  Roach  
  95  9:47  Roach x3  
  105  9:55  Hydralisk Den  
  104  10:09  Overlord  
  104  10:10  Overlord  
  104  10:27  Overlord x2  
  104  10:30  Roach  
  104  10:31  Roach x3  
  107  10:56  Hydralisk x2  
  107  10:57  Hydralisk x10  
  128  11:10  Overlord x3  
  128  11:19  Ravager  
Show
View Real Time Build Order
Export as new Build Order

Dessa Zerg - Winner!

Build Orders: Pool First, Zergling Baneling 

Get SALT Encoding   

  12  0:00  Drone  
  13  0:13  Overlord  
  13  0:18  Drone  
  14  0:33  Drone x2  
  16  0:35  Drone  
  17  0:46  Drone, Extractor  
  17  0:52  Spawning Pool  
  16  1:00  Drone  
  17  1:15  Hatchery  
  16  1:20  Drone  
  16  1:23  Drone  
  18  1:30  Drone  
  19  1:39  Queen  
  21  1:45  Overlord  
  21  1:52  Metabolic Boost  
  21  1:56  Zergling x2  
  22  2:05  Zergling x2  
  23  2:13  Drone  
  23  2:15  Queen  
  26  2:22  Drone  
  27  2:30  Drone, Baneling Nest  
  27  2:35  Queen  
  29  2:40  Drone  
  30  2:45  Overlord  
  29  3:01  Zergling x10  
  29  3:02  Zergling x2  
  35  3:10  Zergling x2  
  36  3:17  Baneling  
  36  3:18  Baneling, Zergling x4  
  38  3:29  Overlord  
  38  3:31  Overlord  
  38  3:36  Baneling  
  38  3:37  Baneling x2  
  30  3:58  Drone x3  
  30  4:00  Baneling x2  
  30  4:01  Baneling  
  30  4:02  Zergling x10  
  37  4:11  Drone x2, Roach Warren  
  37  4:12  Extractor  
  37  4:19  Drone  
  35  4:41  Zergling x2  
  35  4:42  Zergling x14  
  35  4:43  Zergling x2  
  41  4:58  Zergling x6  
  44  5:17  Drone x3  
  43  5:25  Baneling x7  
  43  5:26  Baneling, Zergling x2  
  43  5:27  Zergling x2  
  45  5:31  Drone x3, Overlord  
  45  5:34  Drone x2  
  38  5:58  Zergling x2  
  38  5:59  Roach x6  
  38  6:00  Baneling x4  
  51  6:09  Extractor  
  51  6:10  Drone x4  
  51  6:11  Extractor  
  52  6:39  Drone x4  
  55  6:40  Drone  
  55  6:41  Drone x3  
  55  6:42  Drone  
  55  6:43  Overlord  
  59  6:48  Lair  
  59  6:55  Evolution Chamber  
  59  6:58  Evolution Chamber  
  57  7:01  Overlord  
  57  7:04  Zergling x4  
  59  7:09  Drone x3  
  62  7:19  Hatchery  
  62  7:22  Drone x2  
  63  7:25  Drone  
  63  7:26  Zerg Ground Armor Level 1  
  63  7:27  Zerg Missile Weapons Level 1  
  63  7:28  Roach  
  63  7:29  Roach  
  68  7:34  Pneumatized Carapace  
  68  7:42  Roach  
  68  7:43  Roach  
  72  7:47  Overlord x2  
  72  7:48  Roach  
  74  8:02  Glial Reconstitution  
  74  8:03  Roach  
  75  8:23  Overlord  
  75  8:25  Drone x4  
  75  8:26  Drone x4  
  83  8:38  Ravager x3  
  83  8:39  Roach x3  
  83  8:40  Queen  
  94  8:42  Overlord  
  94  8:54  Roach x5  
  104  9:04  Extractor  
  104  9:08  Extractor  
  102  9:10  Roach x3  
  102  9:11  Ravager x2  
  110  9:32  Roach  
  110  9:34  Zerg Ground Armor Level 2, Zerg Missile Weapons Level 2  
  110  9:35  Overlord x3  
  112  9:45  Spine Crawler  
  111  9:46  Spine Crawler x2, Drone x2  
  111  9:47  Drone x2  
  111  9:49  Overlord x2  
  111  9:51  Hatchery  
  112  10:11  Drone x2  
  114  10:26  Roach x5  
  124  10:28  Drone  
  124  10:30  Drone x2  
  124  10:31  Drone x5  
  124  10:32  Overlord  
  124  10:33  Roach x2  
  136  10:36  Hydralisk Den  
  135  11:11  Queen  
  137  11:19  Drone  
  138  11:30  Spine Crawler x2  
  127  11:33  Spine Crawler  
Tags
 
Add a new tag
Caveats
  • Supply blocks, unpowered buildings, or Contaminate may cause inaccurate times.
  • Supply counts are checked every 10 seconds.